Cogmind - Beta 14 @@@ ROGUE MODE // 2024.09.19 @ 19:40:01 Player: KURIIRI Result: Self-destructed Performance ------------- Evolutions (1) 500 Regions Visited (4) 800 Robots Destroyed (22) 110 Value Destroyed (453) 453 Prototype IDs (3) 60 Alien Tech Used (0) 0 Bonus (-40) -40 TOTAL SCORE: 1883 Bonus ------- Friendly Fire -40 Cogmind --------- Core Integrity 195/400 Matter 300/300 Energy 54/100 System Corruption 0% Temperature Hot (247) Movement Core (200) Ox3 Location -9/Storage Parts ------- > --- POWER (1) -------- (None) > --- PROPULSION (3) --- (None) > --- UTILITY (3) ------ Small Storage Unit Visual Processing Unit Improved Light Armor Plating > --- WEAPON (2) ------- Advanced Beam Cannon > --- INVENTORY (8) ---- Flight Unit Flight Unit Terrain Scan Processor Light Armor Plating Advanced Beam Cannon Advanced Beam Cannon Light Assault Rifle Mini Grenade Launcher Peak State ------------ > --- POWER ------------ Light Ion Engine > --- PROPULSION ------- Cesium-ion Thruster Cesium-ion Thruster Cesium-ion Thruster > --- UTILITY ---------- Small Storage Unit Visual Processing Unit Improved Light Armor Plating > --- WEAPON ----------- Advanced Beam Cannon > --- INVENTORY -------- Flight Unit Flight Unit Terrain Scan Processor Advanced Beam Cannon Advanced Beam Cannon Light Assault Rifle Mini Grenade Launcher [Rating: 20] Favorites ----------- Power Light Ion Engine Engine Light Ion Engine Propulsion Cesium-ion Thruster Flight Unit Cesium-ion Thruster Utility Seismic Detector Device Seismic Detector Storage Small Storage Unit Processor Targeting Computer Protection Improved Light Armor Plating Weapon Light Assault Rifle Energy Gun Medium Laser Energy Cannon Advanced Beam Cannon Ballistic Gun Light Assault Rifle Launcher Mini Grenade Launcher Build | -11 -10 -10 -9 -9 ------- Run | Yrd Mat Min Mat Sto Slots Evolved 2 | . . . 2 . Power . | . . . . . Propulsion 1 | . . . 1 . Utility 1 | . . . 1 . Weapon . | . . . . . Parts Attached 25 | 2 6 3 14 . Power 1 | . . . 1 . Engine 1 | . . . 1 . Core . | . . . . . Reactor . | . . . . . Propulsion 10 | . 2 2 6 . Treads . | . . . . . Leg . | . . . . . Wheel . | . . . . . Hover . | . . . . . Flight 10 | . 2 2 6 . Utility 8 | . 2 1 5 . Device 1 | . 1 . . . Storage 1 | . . . 1 . Processor 3 | . 1 . 2 . Hackware . | . . . . . Protection 3 | . . 1 2 . Artifact . | . . . . . Weapon 6 | 2 2 . 2 . Energy Gun 2 | 1 1 . . . Energy Cannon 1 | . . . 1 . Ballistic Gun 2 | 1 1 . . . Ballistic Cannon . | . . . . . Launcher 1 | . . . 1 . Special Weapon . | . . . . . Impact Weapon . | . . . . . Slashing Weapon . | . . . . . Piercing Weapon . | . . . . . Special Melee Weapon . | . . . . . Unidentified Prototypes 1 | . . . 1 . Parts Lost 10 | . 1 3 2 4 Power 1 | . . . . 1 Propulsion 6 | . . 2 1 3 Utility 2 | . . 1 1 . Weapon 1 | . 1 . . . Highest Loss Streak 3 | . 1 3 1 3 To Critical Strikes . | . . . . . Average Slot Usage (%) 79 | . 71 82 82 77 Engine 4 | . . . 7 2 Flight 28 | . 24 26 29 31 Device 7 | . 10 14 6 . Storage 5 | . . . 7 11 Processor 7 | . 9 12 3 11 Protection 6 | . . . 9 11 Energy Gun 7 | . 11 14 5 . Energy Cannon 4 | . . . 5 11 Ballistic Gun 8 | . 15 14 6 . Peak Build Rating 20 | 2 6 8 20 20 Average Rating 12 | . 5 5 15 18 On Entrance 7 | . 2 6 8 20 Naked Turns . | . . . . . Heaviest Build 15 | 3 4 7 15 15 Greatest Support 15 | 3 8 8 15 15 Greatest Overweight (x) 4 | . . 1 4 3 Average Overweight (x) . | . . . . . Largest Inventory Capacity 8 | 5 5 5 8 8 Average Capacity 6 | 5 5 5 7 8 Most Carried 8 | 2 5 5 8 8 Average Carried 5 | 1 4 4 5 7 Final Capacity 8 | 5 5 5 8 8 Final Carried 8 | 2 5 5 7 8 Class Distribution -------------------- 60% | Mutant 39% | Sprinter Dominant Class ---------------- Mutant | -10/Materials Mutant | -10/Mines Sprinter | -9/Materials Sprinter | -9/Storage Resources | -11 -10 -10 -9 -9 ----------- Run | Yrd Mat Min Mat Sto Matter Collected 502 | 220 44 61 137 40 Remotely . | . . . . . Salvage Created 733 | . 52 24 389 268 Parts 55 | . 7 . 34 14 Haulers Intercepted 2 | . . . 2 . Recyclers Shooed . | . . . . . Parts Field Recycled . | . . . . . Retrieved Matter . | . . . . . Parts Self-Destructed . | . . . . . Prevented . | . . . . . Kills | -11 -10 -10 -9 -9 ------- Run | Yrd Mat Min Mat Sto Combat Hostiles Destroyed 17 | . 2 5 7 3 Guns 10 | . 2 5 3 . Cannons 6 | . . . 4 2 Classes Destroyed 9 | . 2 1 5 1 Worker 1 | . . . 1 . Hauler 2 | . . . 2 . Recycler 1 | . . . . 1 Operator 2 | . . . 1 1 Watcher 4 | . 1 . 2 1 Swarmer 5 | . 2 . 3 . Grunt 3 | . . . 3 . Sentry 4 | . . . 1 3 Assembled 5 | . . 5 . . Best Kill Streak 5 | . 2 5 3 2 Combat Bots Only 5 | . 2 5 3 1 Max Kills in Single Turn 1 | . 1 1 1 1 Gunslinging . | . . . . . Exploded . | . . . . . Melee . | . . . . . Uniques/NPCs Destroyed . | . . . . . Combat | -11 -10 -10 -9 -9 -------- Run | Yrd Mat Min Mat Sto Hostile Shots Fired 107 | . 16 10 42 39 Missed 33 | . 4 4 14 11 Damage Taken 917 | . 118 101 288 410 Core 266 | . 61 . 75 130 Absorbed by Shields . | . . . . . Regen/Repaired (Parts) 135 | . . . 135 . Core Remaining (%) 87 | 100 . 75 . . Volleys Fired 111 | . 9 12 63 27 Largest 2 | . 2 2 2 1 Hottest 88 | . 70 70 88 68 Shots Fired 162 | . 16 24 95 27 Gun 102 | . 16 24 62 . Cannon 59 | . . . 32 27 Launcher 1 | . . . 1 . Special . | . . . . . Kinetic 53 | . 9 12 32 . Thermal 103 | . 2 12 62 27 Explosive 1 | . . . 1 . Electromagnetic 5 | . 5 . . . Robot Hit Streak 9 | . 3 4 9 7 Robot Miss Streak 8 | . 2 3 8 3 Penetration Max . | . . . . . Secondary Targets 2 | . 1 1 . . Max Gunslinging Chain 1 | . 1 1 . . Shots Hit Robots 93 | . 8 13 53 19 Core Hits 37 | . 3 10 19 5 Critical Kills . | . . . . . Critical Parts Destroyed . | . . . . . Critical Strikes 1 | . . . 1 . Burn 1 | . . . 1 . Melee Attacks . | . . . . . Impact . | . . . . . Slashing . | . . . . . Piercing . | . . . . . Sneak Attacks . | . . . . . Combat Hostiles . | . . . . . Follow-up Attacks . | . . . . . Damage Inflicted 1420 | . 81 145 763 431 Guns 615 | . 81 145 389 . Cannons 805 | . . . 374 431 Explosions . | . . . . . Melee . | . . . . . Ramming . | . . . . . Kinetic 210 | . 32 44 134 . Thermal 1186 | . 25 101 629 431 Explosive . | . . . . . Electromagnetic 24 | . 24 . . . Impact . | . . . . . Slashing . | . . . . . Piercing . | . . . . . Highest Corruption 10 | . . 10 . . Average Corruption 10 | . . 10 . . Corruption Purged . | . . . . . Corruption Blocked . | . . . . . Effects 1 | . . 1 . . Message Errors 1 | . . 1 . . Overload Shots . | . . . . . Overflow Damage 17 | . . . 17 . Projectiles 17 | . . . 17 . Explosions . | . . . . . Melee . | . . . . . Knockbacks . | . . . . . Impact . | . . . . . Kinetic . | . . . . . Secondary . | . . . . . Self-Inflicted Damage . | . . . . . Shots . | . . . . . Rammed . | . . . . . Targets Rammed . | . . . . . Kicked . | . . . . . Crushed . | . . . . . Highest Temperature 336 | . 24 49 310 336 Average Temperature 103 | . 10 19 106 155 Received Heat Transfer 272 | . . 20 102 150 Effects 2 | . . . 1 1 Energy Bleed 1 | . . . . 1 Interference 1 | . . . 1 . Siege Activations . | . . . . . Robots Corrupted . | . . . . . Combat Hostiles . | . . . . . Parts Fried . | . . . . . Impact Corruptions . | . . . . . Robots Melted 1 | . . . . 1 Combat Hostiles 1 | . . . . 1 Parts Melted 5 | . . . 1 4 Heat Transferred 2590 | . 74 296 1443 777 Parts Sabotaged . | . . . . . Parts Stolen . | . . . . . Parts Stripped . | . . . . . Power Chain Reactions . | . . . . . Alert | -11 -10 -10 -9 -9 ------- Run | Yrd Mat Min Mat Sto Peak Influence 286 | . 104 76 222 286 Initial 93 | . . 1 17 93 Average 107 | . 60 37 124 202 Maximum Alert Level 1 | . . . 1 1 Low Security (%) 85 | 100 100 100 90 30 Level 1 14 | . . . 9 69 Level 2 . | . . . . . Level 3 . | . . . . . Level 4 . | . . . . . Level 5 . | . . . . . High Security . | . . . . . Max Security . | . . . . . Squads Dispatched 5 | . 1 . 3 1 Investigation 3 | . 1 . 2 . Extermination . | . . . . . Reinforcement 2 | . . . 1 1 Assault . | . . . . . Garrison . | . . . . . Intercept . | . . . . . Searches Triggered . | . . . . . Construction Impeded . | . . . . . Haulers Reinforced . | . . . . . Active Scanning Responses . | . . . . . Cargo Convoy Interrupts . | . . . . . Stealth | -11 -10 -10 -9 -9 --------- Run | Yrd Mat Min Mat Sto Distress Signals . | . . . . . Communications Jammed . | . . . . . Distress Signals . | . . . . . Times Spotted 47 | . 5 18 17 7 Peak Tracking Total 10 | . 3 10 4 4 Tactical Retreats 6 | . . 6 . . Traps | -11 -10 -10 -9 -9 ------- Run | Yrd Mat Min Mat Sto Traps Triggered 2 | . 2 . . . Indirectly . | . . . . . Trap Hack Attempts . | . . . . . Triggered . | . . . . . Disarmed . | . . . . . Reprogrammed . | . . . . . Reused . | . . . . . Traps Extracted . | . . . . . Installed . | . . . . . Triggered . | . . . . . Machines | -11 -10 -10 -9 -9 ---------- Run | Yrd Mat Min Mat Sto Machines Disabled 3 | . 1 . 1 1 Max in Single Turn 1 | . 1 . 1 1 Garrison Access 1 | . . . . 1 Machines Repaired . | . . . . . Machines Dismantled . | . . . . . Machines Sabotaged . | . . . . . Overloaded Fab Kills . | . . . . . Hacking | -11 -10 -10 -9 -9 --------- Run | Yrd Mat Min Mat Sto Machines Accessed 17 | . 4 1 7 5 Terminals 12 | . 4 . 5 3 Fabricators . | . . . . . Repair Stations 2 | . . . 2 . Recycling Units 1 | . . . . 1 Scanalyzers . | . . . . . Garrison Access 1 | . . . . 1 Total Hacks 56 | . 19 1 19 17 Successful 24 | . 8 1 9 6 Failed 31 | . 10 . 10 11 Catastrophic 3 | . . . 2 1 Database Lockouts 1 | . 1 . . . Manual 38 | . 15 . 11 12 Terminals 41 | . 19 . 13 9 Fabricators . | . . . . . Repair Stations 6 | . . . 6 . Recycling Units 4 | . . . . 4 Scanalyzers . | . . . . . Garrison Access 4 | . . . . 4 Terminal Hacks 9 | . 5 1 2 1 Robot Analysis 2 | . 2 . . . Prototype ID Bank 1 | . 1 . . . Open Door 2 | . . 1 . 1 Terminal Index 2 | . 1 . 1 . Unreport Threat 1 | . 1 . . . Locate Traps 1 | . . . 1 . Fabricator Hacks . | . . . . . Repair Station Hacks 4 | . . . 4 . Scan Component 2 | . . . 2 . Repair 2 | . . . 2 . Recycling Unit Hacks . | . . . . . Scanalyzer . | . . . . . Garrison Access Hacks 1 | . . . . 1 Seal Access 1 | . . . . 1 Unauthorized Hacks 10 | . 3 . 3 4 Terminals 8 | . 3 . 3 2 Assimilate 4 | . . . 2 2 Botnet 3 | . 2 . 1 . Operators 1 | . 1 . . . Fabricators . | . . . . . Repair Stations . | . . . . . Recycling Units 2 | . . . . 2 Reject 1 | . . . . 1 Mask 1 | . . . . 1 Scanalyzers . | . . . . . Garrison Access . | . . . . . Data Cores Recovered . | . . . . . Used . | . . . . . Hacking Detections 14 | . 4 . 6 4 Full Trace Events 2 | . . . 2 . Feedback Events . | . . . . . Feedback Blocked . | . . . . . Robot Schematics Acquired . | . . . . . Robots Built . | . . . . . Authchips . | . . . . . Time . | . . . . . Total Robot Build Rating . | . . . . . Part Schematics Acquired . | . . . . . Parts Built . | . . . . . Authchips . | . . . . . Time . | . . . . . Total Part Build Rating . | . . . . . Parts Repaired 2 | . . . 2 . Time 76 | . . . 76 . Parts Recycled . | . . . . . Recycled Matter . | . . . . . Retrieved Matter . | . . . . . Retrieved Components . | . . . . . Parts Scanalyzed . | . . . . . Part Schematics Acquired . | . . . . . Parts Damaged . | . . . . . Bothacking | -11 -10 -10 -9 -9 ------------ Run | Yrd Mat Min Mat Sto Used RIF Installer . | . . . . . Robots Hacked . | . . . . . Non-combat . | . . . . . Combat . | . . . . . Robot Hacks Applied . | . . . . . Relay Couplers Released . | . . . . . Fabnet Peak Effective % . | . . . . . Robots Rewired . | . . . . . Allies Hacked . | . . . . . Hacks Repelled . | . . . . . Allies | -11 -10 -10 -9 -9 -------- Run | Yrd Mat Min Mat Sto Total Allies 1 | . . . . 1 Largest Group . | . . . . . Highest-Rated Group . | . . . . . Highest-Rated Ally . | . . . . . Total Orders . | . . . . . Ally Attacks . | . . . . . Total Damage . | . . . . . Kills . | . . . . . Allies Corrupted . | . . . . . Allies Melted . | . . . . . Intel | -11 -10 -10 -9 -9 ------- Run | Yrd Mat Min Mat Sto Robot Analysis Total 2 | . 2 . . . Derelict Logs Recovered 2 | . . 2 . . Drone Launches . | . . . . . Drone Recoveries . | . . . . . Exploration | -11 -10 -10 -9 -9 ------------- Run | Yrd Mat Min Mat Sto Turns Passed 1507 | 26 205 302 751 223 Spaces Moved 2092 | 42 341 554 916 239 Core 89 | 42 15 12 16 4 Treads . | . . . . . Legs . | . . . . . Wheels . | . . . . . Hover . | . . . . . Flight 2003 | . 326 542 900 235 Fastest Speed 29 | 50 37 37 29 29 Average Speed 37 | 50 37 38 38 31 Slowest Speed 250 | 50 50 100 250 200 Overloaded Moves . | . . . . . Propulsion Burnouts . | . . . . . Robots Hopped 15 | . . 7 7 1 Cave-ins Triggered . | . . . . . Exploration Rate (%) 46 | 3 62 85 48 34 Regions Visited 4 Branch Regions 2 Pre-discovered Areas 1 | . . 1 . . Known Exits Taken . | . . . . . Unknown Exits Taken 4 | 1 1 1 1 . Scrap Searched 2 | . . 2 . . Spaces Dug . | . . . . . Terrain Destroyed 10 | . . . 10 . Melee . | . . . . . Projectile . | . . . . . AOE 10 | . . . 10 . Terrain Rammed . | . . . . . Walls Destroyed . | . . . . . Machines Disabled . | . . . . . Actions | -11 -10 -10 -9 -9 --------- Run | Yrd Mat Min Mat Sto Total 2633 | 45 401 612 1218 357 Wait 398 | . 41 50 216 91 Move 2059 | 41 340 539 902 237 Hop 14 | . . 7 6 1 Pick Up 15 | 2 4 1 7 1 Fast Attach 15 | 2 5 2 6 . Attach 6 | . . 1 5 . Detach 3 | . . . 3 . Swap 4 | . 1 . 3 . Drop 8 | . 1 . 7 . Fire 111 | . 9 12 63 27 Melee . | . . . . . Ram . | . . . . . Kick . | . . . . . Crush . | . . . . . Escape Stasis . | . . . . . Rewire . | . . . . . Trap . | . . . . . Miscellaneous . | . . . . . Route ------- -11/Scrapyard -10/Materials (discovered 2 exits: *Mat / *Min) -10/Mines -9/Materials (discovered 4 exits: *Mat x2 / *Min / *Sto) -9/Storage History --------- Turn | Location | Event 19 | -11/Scrapyard | Discovered new exit (range 16) 27 | -11/Scrapyard | Entered Materials 142 | -10/Materials | Discovered new exit (range 12) 218 | -10/Materials | Central database locked down 227 | -10/Materials | Discovered new exit (range 14) 232 | -10/Materials | Entered Mines 257 | -10/Mines | Learned 4 Materials zone layouts 291 | -10/Mines | Found the Drone Emporium 314 | -10/Mines | Build established: Mutant 335 | -10/Mines | Assembled infested the area 362 | -10/Mines | Met a Derelict bent on vengeance 504 | -10/Mines | System corruption reached 10% 516 | -10/Mines | Learned location of Zion (-7) 524 | -10/Mines | Discovered new exit (range 10) 534 | -10/Mines | Lost 3 parts (2n1u) 534 | -10/Mines | Entered Materials 534 | -9/Materials | Evolved 2 slots: Propulsion x1, Utility x1 535 | -9/Materials | Identified exit to Materials 535 | -9/Materials | Identified exit to Mines 789 | -9/Materials | Discovered new exit (range 4) 1097 | -9/Materials | Repaired Cesium-ion Thruster 1102 | -9/Materials | Discovered exit to Materials (range 16) 1164 | -9/Materials | Repaired Imp. Light Armor Plating 1285 | -9/Materials | Entered Storage 1506 | -9/Storage | Core integrity fell below 50% 1508 | -9/Storage | Self-destructed Last Messages --------------- Testing... System interface override in place. 01475_ Transfer Shaft disabled. 01477_ O-16 Technician accesses terminal... 01477_ O-16 Technician IFF database reprogrammed. 01478_ Technician 2a destroyed. 01483_ R-06 Scavenger collects Hacking Suite. 01484_ Cesium-ion Thruster destroyed. 01490_ Transfer Shaft disabled. 01496_ R-06 Scavenger destroyed. 01499_ Cesium-ion Thruster destroyed. 01500_ Y-45 Defender heat damages Hvy. Assault Rifle. 01501_ Y-45 Defender heat damages core (-4). 01502_ Melted Lgt. Treads. 01503_ Y-45 Defender heat damages Imp. Ion Engine. 01503_ Y-45 Defender critical meltdown. 01503_ Lgt. Treads melted. Map ----- +----------------------------------------------------+ | ??????????????????????????????????????? | | ??????????????????????????????????????? | | ??????????????????????????????????????? | | ??????????????????????????????????????? | | ??????????????????????????????????????? | | ??????????????????????????????????????? | | ??????????????????????????????????????? | | ??????????????????????????????????????? | | ??????????????????????????????????????? | | ??????????????????????????????????????? | | ????????? ??????????????????????????? | | ????????? ??????????????????????????? | | ????????# ??????????????????????????? | | ????????# ??????????????????????????? | | ????????# ??????????????????????????? | | ????????# ???? ?????????????????????? | | ????????# ????? ##??#####???????????? | | ????????# ??????+ ?? ????????????? | | ????????# #?????? ? ????????????? | | ????????# #?????###+##+###??????????? | | ????????# #?????# #??????????? | | ????????# #?????# T "" Y#??????????? | | ????????# #?????# """ g##?????????? | | ?????# #?????# """/%T#?????????? | | !| # ##+#??# =b*##?????????? | | | + #### """@=#??????????? | | ????????# + % """ #??????????? | | ????????# ##+#### "" #??????????? | | ????????# # ??# #?????????? | | ????????# # ""??###########?????????? | | ????????# # T" ?????????????????????? | | ????????# # "" ?????????????????????? | | ????????# # #????????????????????? | | ????????# #* ????????????????????? | | ##????#?# ###########???????????????? | | ?? ?+ + #???????????????? | | ? # # """ """ ###?????????????? | | = # # """ """ ""#?????????????? | | ! + + """ """ Y"#?????????????? | | !]# # =""#?????????????? | | ??# # ###?????????????? | | = [ ????# # #???????????????? | | ??????# # #???????????????? | | ????????# ##################????????? | | ????????# * #????????? | | ????????# =% #????????? | | ????????# ! #????????? | | ????????#####+#########+######????????? | | ?????????# #T #?????????????? | | ?????????# ### ##?????????????? | +----------------------------------------------------+ Best States ------------- Heat Dissipation 28 Energy Generation 10 Energy Capacity 125 Matter Stores 300 Matter Capacity 300 Sight Range 18 Terrain Scan Density 85 Armor Coverage 150 Evasion (%) 64 Targeting Accuracy 5 Item Schematics ----------------- None Robot Schematics ------------------ None Fabricated ------------ Nothing Alien Tech Used ----------------- None Achievements -------------- None Challenges ------------ None Game ------ Seed CompactBattleStorage Manual? 0 Play Time 00:31:35 Cumulative 87.3 hours Start 2024.09.19 @ 03:19:21 End 2024.09.19 @ 19:40:01 Sessions 4 Manual Loads 0 Difficulty Rogue Special Mode None Game No. 56 Rogue 20 Adventurer 36 Explorer 0 Win Type - Total 2 Types 2/0/0/0/0/0/0/0/0 Lore% 46 Gallery% 52 Achievement% 48 Wizard Run 0 Options --------- Layout 1 ASCII 0 Keyboard 0 Movement Numpad Keybinds 0 Fullscreen 1 Font 48/Smallcaps Map View 50x35 Zoom Use 0% Tactical HUD 1 Map Filters NONE Filters NONE Steam 1 RUN: eae629d4-c2c5-4ef7-b40a-b4dce72c742d